 Dungeon Crawl Stone Soup version 0.17.1-3-g152610e (webtiles) character file.

82 Metrazal the Sneak (level 4, -4/22 HPs)
             Began as a Spriggan Assassin on Mar 5, 2016.
             Slain by a phantom (6 damage)
             ... on level 3 of the Dungeon.
             The game lasted 00:14:27 (2235 turns).

Metrazal the Sneak (Spriggan Assassin)              Turns: 2235, Time: 00:14:27

Health: -4/22      AC:  7    Str: 12    XL:     4   Next: 21%
Magic:  5/5        EV: 19    Int: 12    God:
Gold:   109        SH:  0    Dex: 18    Spells: 0 memorised, 3 levels left

rFire  . . .     SeeInvis +     a - +2 dagger
rCold  + . .     Clarity  .     c - +0 robe
rNeg   . . .     SustAt   .     (shield restricted)
rPois  .         Gourm    .     i - +2 hat
rElec  .         Spirit   .     d - +0 cloak
rCorr  .         Warding  .     (gloves unavailable)
rMut   .         Stasis   .     (boots unavailable)
MR     .....                    (no amulet)
Stlth  ++++......               u - ring of see invisible
                                m - ring of protection from cold

@: mighty, very quick, not resistant to hostile enchantments, stealthy
A: unfitting armour, thin metallic scales 1, see invisible, herbivore 3, speed
3, slow metabolism 2
a: no special abilities


You were on level 3 of the Dungeon.
You were not hungry.

You visited 1 branch of the dungeon, and saw 3 of its levels.

You collected 109 gold pieces.

Inventory:

Hand Weapons
 a - a +2 dagger (weapon)
 b - a +0 blowgun
Missiles
 e - 8 poisoned needles
 f - 2 curare-tipped needles
 h - 64 sling bullets
 k - 163 stones (quivered)
 o - 14 poisoned arrows
Armour
 c - a +0 robe (worn)
 d - a +0 cloak (worn)
 i - a +2 hat (worn)
Jewellery
 m - a ring of protection from cold (left hand)
 u - a ring of see invisible (right hand)
Scrolls
 j - 3 scrolls of enchant weapon {unknown}
 l - 2 scrolls of blinking {unknown}
 s - 2 scrolls of identify {unknown}
 t - a scroll of enchant armour {unknown}
Potions
 q - 2 potions of flight {unknown}
 r - a potion of magic {unknown}
 v - 2 potions of poison {unknown}
 w - a potion of agility {unknown}
 x - a potion of curing {unknown}
Comestibles
 g - 3 bread rations


   Skills:
 - Level 1.5 Fighting
 + Level 3.5 Short Blades
 - Level 2.0 Throwing
 + Level 3.8 Dodging
 + Level 6.6 Stealth


You had 3 spell levels left.
You didn't know any spells.

Dungeon Overview and Level Annotations

Branches:
Dungeon (3/15)

Altars:


Innate Abilities, Weirdness & Mutations

You are tiny and cannot use many weapons and most armour.
You have supernaturally acute eyesight.
You are a herbivore.
You cover ground extremely quickly.
You need consume almost no food.
You are partially covered in thin metallic scales (AC +2).


Message History

The phantom is heavily damaged.
The phantom completely misses you.
You closely miss the phantom.
The phantom is heavily damaged.
The phantom hits you!
* * * LOW HITPOINT WARNING * * *
You see here a stone.
It was a potion of beneficial mutation.
Thin metallic scales grow over part of your body.
You feel fantastic!
The phantom blinks!
It was a potion of might.
You feel very mighty all of a sudden.
The phantom blinks!
You hit the phantom.
The phantom is severely damaged.
The phantom barely misses you.
You barely miss the phantom.
The phantom is severely damaged.
The phantom hits you.
You die...

.....#..##..#
####.#......#
#.#..##..#
#.#..##.####
#.#..#.....#
####.#..#####.#
..............#
.....#..###########.#
.....((.(((...(.@W((#
####.#(##############
#.#.# #####


You could see a phantom.

Vanquished Creatures
  2 adders (D:3)
  3 worms
  2 giant geckos
  4 bats
  5 giant cockroaches
  5 hobgoblins
  2 ball pythons
  2 giant newts
  5 goblins
  8 jackals
  5 kobolds
  A quokka (D:3)
  9 rats
53 creatures vanquished.

Notes
Turn   | Place    | Note
--------------------------------------------------------------
     0 | D:1      | Metrazal the Spriggan Assassin began the quest for the Orb.
     0 | D:1      | Reached XP level 1. HP: 10/10 MP: 2/2
     5 | D:1      | Noticed a formicid
     5 | D:1      | Noticed a troll
     7 | D:1      | Noticed a minotaur
     9 | D:1      | Noticed a gargoyle
    11 | D:1      | Noticed a draconian
    11 | D:1      | Noticed a felid
    13 | D:1      | Noticed a vine stalker
    13 | D:1      | Noticed a demonspawn
    15 | D:1      | Noticed an ogre
    15 | D:1      | Noticed a naga
    17 | D:1      | Noticed an elf
    19 | D:1      | Noticed an octopode
    19 | D:1      | Noticed a tengu
    21 | D:1      | Noticed a dwarf
    21 | D:1      | Noticed a demigod
    23 | D:1      | Noticed a spriggan
    23 | D:1      | Noticed a ghoul
    25 | D:1      | Noticed a centaur
    27 | D:1      | Noticed a human
    27 | D:1      | Noticed a vampire
    29 | D:1      | Noticed a merfolk
   103 | D:1      | Reached skill level 6 in Stealth
   147 | D:1      | Reached XP level 2. HP: 14/14 MP: 3/3
   752 | D:2      | Reached XP level 3. HP: 18/18 MP: 4/4
  1551 | D:3      | Reached XP level 4. HP: 22/22 MP: 5/5
  2163 | D:3      | Noticed a phantom
  2230 | D:3      | Gained mutation: You are partially covered in thin metallic scales (AC +2). [potion of beneficial mutation]
  2235 | D:3      | Slain by a phantom

Action                   |  1- 3 |  4- 6 || total
-------------------------+-------+-------++-------
Melee: Dagger            |   102 |    81 ||   183
 Fire: Blowgun           |     7 |     4 ||    11
Throw: Stone             |       |    33 ||    33
  Use: Potion            |       |     2 ||     2
 Stab: Sleeping          |    20 |     2 ||    22
       Distracted        |       |     1 ||     1
